Map: 하드와이어 - 래더

Players

하스 (Has) - Winner!

  • Race: Protoss Protoss
  • League: Master

RagnaroK (SHIN)

  • Race: Zerg Zerg
  • League: Master

Event: DreamHack SC2 Masters Last Chance 2022

VOD

Have the link to the VOD?

Description

Time

  • Played on: Dec. 15, 2021, 4:17 a.m.
  • Length: 13:44

All games in this series

Show
View Real Time Build Order
Export as new Build Order

하스 Protoss - Winner!

Build Orders: 1 Gate Expand, Zealot Archon 

Get SALT Encoding   

  12  0:00  Probe  
  13  0:12  Probe  
  14  0:19  Pylon  
  14  0:24  Probe  
  15  0:29  Assimilator  
  15  0:37  Probe (Chrono Boost)  
  16  0:43  Gateway  
  16  0:47  Probe (Chrono Boost)  
  17  0:52  Probe  
  18  1:04  Probe  
  19  1:16  Probe  
  20  1:23  Nexus  
  20  1:32  Cybernetics Core  
  20  1:35  Probe  
  21  1:42  Assimilator  
  21  1:47  Probe  
  21  1:50  Pylon  
  22  1:59  Probe  
  23  2:07  Stalker (Chrono Boost)  
  23  2:11  Probe, Warp Gate  
  26  2:24  Probe (Chrono Boost)  
  26  2:25  Forge  
  27  2:31  Sentry  
  27  2:35  Probe (Chrono Boost)  
  27  2:36  Probe (Chrono Boost)  
  33  2:44  Probe (Chrono Boost)  
  33  2:45  Probe (Chrono Boost)  
  33  2:49  Probe (Chrono Boost)  
  33  2:50  Probe  
  33  2:52  Gateway  
  37  2:58  Sentry  
  37  2:59  Protoss Ground Weapons Level 1 (Chrono Boost)  
  37  3:01  Probe  
  37  3:04  Probe  
  39  3:08  Pylon  
  39  3:13  Probe (Chrono Boost)  
  39  3:16  Twilight Council  
  41  3:21  Probe (Chrono Boost)  
  41  3:26  Probe (Chrono Boost)  
  41  3:27  Adept  
  44  3:33  Probe (Chrono Boost)  
  45  3:36  Probe (Chrono Boost)  
  46  3:42  Probe  
  46  3:46  Charge (Chrono Boost)  
  46  3:47  Probe  
  48  3:51  Gateway  
  48  3:52  Gateway  
  48  3:55  Pylon  
  48  4:03  Sentry  
  48  4:05  Nexus  
  48  4:08  Zealot  
  52  4:10  Probe  
  52  4:11  Probe  
  54  4:20  Pylon  
  54  4:23  Probe x2  
  56  4:27  Robotics Facility  
  56  4:29  Zealot x2  
  60  4:35  Probe x2  
  62  4:47  Zealot  
  62  4:48  Zealot  
  62  4:50  Pylon  
  62  4:51  Stalker  
  62  4:52  Stalker  
  70  4:57  Shield Battery  
  70  4:59  Shield Battery  
  70  5:06  Pylon  
  70  5:07  Protoss Ground Armor Level 1 (Chrono Boost)  
  70  5:08  Zealot x2  
  70  5:10  Probe x2  
  76  5:15  Zealot  
  76  5:19  Probe  
  76  5:20  Zealot  
  81  5:22  Immortal (Chrono Boost)  
  85  5:30  Stalker  
  85  5:36  Zealot x2  
  89  5:48  Zealot  
  89  5:51  Probe x2  
  77  5:58  Zealot x3  
  73  6:05  Gateway  
  73  6:06  Gateway  
  73  6:08  Gateway, Probe  
  70  6:13  Zealot  
  70  6:17  Probe  
  70  6:18  Probe  
  70  6:22  Zealot x2, Sentry  
  70  6:24  Gateway  
  76  6:27  Photon Cannon, Gateway, Probe  
  76  6:28  Warp Prism (Chrono Boost)  
  79  6:35  Zealot  
  79  6:37  Pylon  
  79  6:39  Pylon  
  81  6:42  Templar Archives  
  81  6:45  Zealot x2  
  85  6:47  Zealot  
  87  6:54  Pylon  
  87  6:56  Zealot  
  87  6:57  Observer  
  87  6:58  Probe  
  91  7:01  Pylon  
  91  7:04  Zealot x3  
  91  7:06  Zealot x2  
  91  7:07  Zealot  
  103  7:16  Assimilator  
  103  7:17  Pylon  
  103  7:21  High Templar  
  105  7:22  High Templar  
  105  7:23  Zealot  
  105  7:26  Archon  
  105  7:27  Zealot x5  
  119  7:32  Probe x2, Pylon  
  121  7:38  Zealot  
  121  7:40  Probe  
  121  7:43  Assimilator  
  121  7:44  Probe, Pylon  
  125  7:51  Pylon  
  125  7:52  Zealot x2, Pylon  
  125  7:53  Zealot x2  
  125  7:57  Zealot  
  125  7:58  Zealot  
  137  8:04  Robotics Bay  
  137  8:05  Immortal (Chrono Boost)  
  141  8:13  Robotics Facility  
  141  8:15  Probe  
  141  8:16  Probe x2  
  144  8:21  Assimilator  
  144  8:24  Assimilator  
  144  8:39  Probe x3  
  147  8:41  Protoss Ground Weapons Level 2 (Chrono Boost)  
  147  8:47  Pylon  
  147  8:48  Disruptor (Chrono Boost)  
  147  8:52  Zealot x5  
  147  8:53  Zealot  
  147  8:54  Pylon  
  162  8:56  Pylon  
  165  9:18  Disruptor (Chrono Boost)  
  165  9:19  Disruptor (Chrono Boost)  
  168  9:26  Pylon  
  168  9:29  Probe x3  
  171  9:42  Disruptor (Chrono Boost)  
  170  9:47  Disruptor (Chrono Boost)  
  170  9:51  Stalker x6  
  170  9:52  Stalker  
  183  9:53  Zealot x2, Blink (Chrono Boost)  
  173  10:06  Robotics Facility  
  173  10:11  Disruptor (Chrono Boost)  
  176  10:34  Disruptor  
  168  10:39  Disruptor  
  168  10:41  Zealot x3  
  168  10:42  Zealot x6  
  187  10:49  Pylon  
  190  11:00  Pylon  
  177  11:07  Observer  
  177  11:10  Disruptor  
  164  11:15  Zealot x9  
  164  11:17  Disruptor  
  172  11:25  Disruptor  
  157  11:43  Stalker x3  
  157  11:45  Disruptor  
  166  11:52  Stalker x6  
  178  11:55  Disruptor  
  168  12:15  Observer, Disruptor  
  161  12:21  Disruptor  
  161  12:22  Observer  
  153  12:27  Stalker x3  
  153  12:28  Stalker x3, Observer  
  162  12:30  Zealot x3  
  140  12:56  Stalker x9  
  127  13:08  Disruptor  
  127  13:11  Observer  
  122  13:19  Stalker x5  
  132  13:21  Zealot x3  
Show
View Real Time Build Order
Export as new Build Order

RagnaroK Zerg 

Build Orders: Hatch First, Lurkers 

Get SALT Encoding   

  12  0:00  Drone  
  13  0:12  Overlord  
  13  0:17  Drone  
  14  0:31  Drone x2  
  17  0:35  Drone  
  17  0:52  Hatchery  
  17  0:55  Drone  
  17  0:59  Drone  
  18  1:07  Drone  
  19  1:17  Extractor  
  18  1:19  Spawning Pool  
  18  1:20  Drone  
  18  1:28  Drone  
  19  1:40  Drone  
  20  1:50  Drone  
  21  2:00  Drone  
  22  2:04  Drone  
  22  2:05  Queen x2  
  27  2:12  Zergling x2  
  28  2:16  Overlord  
  28  2:33  Hatchery  
  28  2:36  Drone x3  
  30  2:39  Drone  
  30  2:41  Pneumatized Carapace  
  31  2:46  Queen  
  31  2:51  Overlord  
  33  2:55  Drone  
  33  2:56  Drone  
  35  3:02  Overlord  
  35  3:05  Drone  
  35  3:07  Metabolic Boost  
  36  3:16  Drone x2  
  36  3:17  Drone x2  
  40  3:21  Queen  
  44  3:27  Drone x2  
  44  3:35  Drone x2  
  44  3:39  Roach Warren  
  45  3:41  Drone, Overlord  
  45  3:44  Extractor x2  
  45  3:45  Drone  
  45  3:50  Drone x3  
  45  3:51  Drone  
  49  3:56  Zergling x6  
  49  4:01  Overlord  
  49  4:02  Drone  
  53  4:12  Overlord  
  53  4:20  Roach x4  
  53  4:21  Roach  
  63  4:26  Roach x2  
  63  4:31  Zergling x10  
  72  4:40  Zergling x2  
  72  4:41  Zergling x4  
  75  4:47  Zergling x6  
  75  4:50  Zergling x2  
  75  4:51  Zergling x4  
  81  4:55  Overlord x2  
  81  4:58  Overlord  
  81  5:14  Ravager x6  
  87  5:15  Zergling x16  
  87  5:20  Drone x2  
  96  5:22  Drone x3  
  96  5:23  Drone  
  96  5:27  Drone x2  
  102  5:30  Lair  
  102  5:37  Drone x2, Overlord  
  104  5:44  Ravager  
  99  5:51  Drone x6  
  99  5:53  Drone x2  
  96  5:58  Drone x6  
  94  6:06  Roach x2  
  94  6:09  Roach  
  97  6:13  Roach  
  97  6:15  Roach  
  92  6:18  Roach  
  92  6:19  Evolution Chamber, Extractor x2  
  88  6:28  Roach x2  
  92  6:33  Glial Reconstitution  
  92  6:35  Infestation Pit, Extractor  
  92  6:36  Drone x6  
  92  6:37  Roach x4  
  92  6:39  Overlord  
  104  6:44  Zerg Missile Weapons Level 1, Overlord  
  104  6:50  Roach  
  104  6:51  Roach  
  108  6:56  Overlord  
  108  6:59  Overlord  
  108  7:00  Roach  
  110  7:03  Ravager  
  110  7:04  Ravager  
  110  7:05  Roach x3, Overlord x2  
  110  7:06  Roach  
  110  7:08  Roach  
  122  7:09  Spine Crawler x2, Roach  
  122  7:11  Roach  
  124  7:15  Overlord  
  124  7:16  Roach  
  124  7:17  Overlord  
  124  7:22  Overlord  
  126  7:24  Roach  
  126  7:28  Roach  
  130  7:32  Roach x2  
  130  7:33  Roach x2  
  130  7:37  Hydralisk Den, Roach x3  
  137  7:44  Hive  
  143  7:46  Roach x2  
  143  7:50  Overlord  
  143  7:51  Roach  
  149  7:55  Roach x3  
  155  8:02  Roach x4  
  155  8:04  Roach  
  165  8:05  Overlord  
  165  8:13  Hatchery  
  165  8:17  Drone x3  
  165  8:18  Drone  
  168  8:21  Roach x2  
  172  8:29  Overlord  
  170  8:39  Lurker Den  
  170  8:40  Zerg Missile Weapons Level 2  
  169  8:41  Drone  
  169  8:45  Overlord  
  169  8:47  Hydralisk x6  
  182  9:00  Zergling x2  
  182  9:01  Zergling x12, Roach  
  192  9:24  Drone  
  192  9:37  Seismic Spines  
  192  9:42  Lurker x4  
  192  9:43  Lurker x2  
  197  9:50  Drone x2  
  200  9:59  Hatchery  
  185  10:23  Hatchery, Viper x3  
  185  10:25  Viper  
  196  10:34  Adaptive Talons  
  193  10:36  Hydralisk x3  
  184  10:44  Overseer  
  184  10:45  Hydralisk x2  
  184  10:46  Drone  
  184  10:47  Drone  
  184  10:49  Spore Crawler  
  189  10:51  Spore Crawler  
  189  10:52  Hydralisk x2  
  192  10:59  Evolution Chamber x2  
  157  11:05  Roach x8  
  165  11:15  Roach x6  
  157  11:21  Drone, Queen  
  157  11:23  Overlord  
  157  11:24  Drone x12  
  170  11:27  Lurker x2  
  170  11:40  Hydralisk x4  
  167  11:47  Queen, Lurker  
  167  11:48  Drone x2  
  167  11:49  Extractor  
  167  11:50  Extractor  
  167  11:51  Hydralisk  
  167  11:52  Roach x2  
  175  12:00  Roach x5  
  185  12:06  Roach  
  170  12:18  Roach x3  
  162  12:25  Roach x4  
  164  12:33  Lurker  
  164  12:35  Roach x3  
  168  12:43  Zergling x18  
  164  12:46  Hatchery  
  164  12:48  Roach  
  150  12:51  Roach  
  150  12:52  Queen, Roach  
  150  12:53  Queen x3  
  150  12:54  Roach  
  150  12:56  Roach x3  
  150  12:58  Roach  
  140  13:02  Roach x3  
  140  13:03  Hydralisk x5  
  143  13:06  Roach  
  143  13:10  Roach  
  132  13:13  Roach x2  
  132  13:17  Ravager, Roach  
  139  13:20  Roach  
  139  13:24  Roach x2  

Tags
 
Add a new tag
Caveats
  • Supply blocks, unpowered buildings, or Contaminate may cause inaccurate times.
  • Supply counts are checked every 10 seconds.